 Dungeon Crawl Stone Soup version 0.31-a0-267-g3fc6992b3b (webtiles) character file.

Game seed: 18379206574024276021

58 qw the Shooter (level 3, -1/29 HPs)
             Began as a Minotaur Hexslinger on July 13, 2023.
             Slain by Sigmund
             ... wielding a +0 scythe
              (7 damage)
             ... on level 3 of the Dungeon.
             The game lasted 00:00:38 (1556 turns).

qw the Shooter (Minotaur Hexslinger)                Turns: 1556, Time: 00:00:38

Health: -1/29      AC:  6    Str: 12    XL:     3   Next: 76%
Magic:  3/3        EV: 11    Int: 10    God:
Gold:   37         SH:  0    Dex: 14    Spells: 3/4 levels left

rFire   . . .        Y - +1 sling
rCold   . . .        (no shield)
rNeg    . . .        h - +0 ring mail
rPois   .            (helmet restricted)
rElec   .            b - scarf {repulsion}
rCorr   .            f - +0 pair of gloves
SInv    .            (no boots)
Will    .....        (no amulet)
Stlth   +            (no ring)
HPRegen 0.24/turn    (no ring)
MPRegen 0.08/turn

%: repel missiles
@: no status effects
A: horns 2, retaliatory headbutt
a: no special abilities


You were on level 3 of the Dungeon.
You visited 1 branch of the dungeon, and saw 3 of its levels.

You collected 37 gold pieces.


Innate Abilities, Weirdness & Mutations

You have a pair of horns on your head.
You reflexively headbutt those who attack you in melee.


   Skills:
 - Level 2.0 Fighting
 + Level 4.1 Ranged Weapons
 - Level 1.1 Armour
 - Level 2.1 Dodging
 - Level 1.0 Spellcasting
 - Level 2.0 Hexes


You had 3 spell levels left.
You knew the following spells:

 Your Spells              Type           Power      Damage    Failure   Level
a - Slow                  Hex            16%        N/A       34%         1

Your spell library contained the following spells:

 Spells                   Type           Power      Damage    Failure   Level
 Inner Flame              Hex/Fire       2%         N/A       83%         3
 Portal Projectile        Hex/Tloc       4%         N/A       83%         3
 Cause Fear               Hex            2%         N/A       98%         4

Inventory:

Hand Weapons
 Y - a +1 sling (weapon)
Armour
 b - a scarf of repulsion (worn)
 f - a +0 pair of gloves (worn)
 h - a +0 ring mail (worn)
Jewellery
 c - an amulet of faith
Scrolls
 a - a scroll of identify
 g - a scroll of teleportation
Potions
 d - a potion of curing {unknown}
 e - a potion of mutation {unknown}
 j - a potion of brilliance {unknown}
 k - a potion of might

Dungeon Overview and Level Annotations

Branches:
Dungeon (3/15)

Altars:

Annotations:
D:3 Sigmund


Message History

Sigmund casts a spell at you. You resist with significant effort.
You shoot a sling bullet.
The sling bullet hits Sigmund but does no damage.
You shoot a sling bullet. The sling bullet hits Sigmund.
Sigmund is lightly wounded.
You shoot a sling bullet.
The sling bullet closely misses Sigmund.
Sigmund casts a spell.
Sigmund flickers and vanishes!
Deactivating autopickup; reactivate with Ctrl-A.
You shoot a sling bullet. You shoot a sling bullet.
You hear some strange, mumbled words.
A puff of flame appears from out of thin air!
The puff of flame hits you! Something hits you.
You shoot a sling bullet. You shoot a sling bullet.
Something hits you but does no damage.
You shoot a sling bullet. Something hits you!
You shoot a sling bullet. Something hits you but does no damage.
You shoot a sling bullet. Something hits you.
You shoot a sling bullet. Something hits you but does no damage.
You shoot a sling bullet. Something hits you but does no damage.
You shoot a sling bullet. You shoot a sling bullet.
Something hits you but does no damage.
You shoot a sling bullet.
A magic dart appears from out of thin air!
The magic dart hits you.
A magic dart appears from out of thin air!
The magic dart hits you.
You shoot a sling bullet. Something hits you!
You die...

#... ..? ##...
.>.. ##....7 7....
...>..777.....
#............
#.....{... #.....#
#@# #.# ##.#
########## #..#
#........# #(##
#........# ##.#
#...)....# #..#
#...(....# #.##
#.......<#
##.######....(...#


There were no monsters in sight!

Vanquished Creatures
  An adder (D:2)
  A worm (D:2)
  A dart slug (D:1)
  2 bats
  2 endoplasms (D:1)
  2 giant cockroaches
  5 goblins
  4 hobgoblins
  6 kobolds
  3 quokkas
  8 ball pythons
  A frilled lizard (D:2)
  5 rats
41 creatures vanquished.

Vanquished Creatures (others)
  2 ball pythons (D:1)
2 creatures vanquished.

Grand Total: 43 creatures vanquished

Notes
Turn   | Place    | Note
-------+----------+-------------------------------------------
     0 | D:1      | qw the Minotaur Hexslinger began the quest for the Orb.
     0 | D:1      | Reached XP level 1. HP: 16/16 MP: 1/1
     0 | D:1      | 0 ||| qw: Version: 0.3-a-52-g30416fa
     0 | D:1      | 0 ||| qw: Game counter: 7693
     0 | D:1      | 0 ||| qw: Melee chars always use a shield: true
     0 | D:1      | 0 ||| qw: God list: Okawaru
     0 | D:1      | 0 ||| qw: Allow faded altars: false
     0 | D:1      | 0 ||| qw: Do Orc after clearing Dungeon:15 true
     0 | D:1      | 0 ||| qw: Do second Lair branch before Depths: true
     0 | D:1      | 0 ||| qw: Lair rune preference: random
     0 | D:1      | 0 ||| qw: Goals: Normal
     0 | D:1      | 0 ||| PLANNING D:1-11
    51 | D:1      | 51 ||| FLEEEEING.
    52 | D:1      | 52 ||| FLEEEEING.
    84 | D:1      | Reached skill level 3 in Ranged Weapons
    84 | D:1      | Reached XP level 2. HP: 23/23 MP: 2/2
   528 | D:1      | Reached XP level 3. HP: 29/29 MP: 3/3
   951 | D:1      | 951 ||| UPGRADING to +0 pair of gloves.
   956 | D:1      | 956 ||| UPGRADING to +0 ring mail.
   966 | D:1      | 966 ||| DROPPING +0 robe.
   967 | D:1      | 967 ||| READING scroll labelled SIFIMA POCHEGI.
   968 | D:1      | 968 ||| READING scroll labelled CYUPSITHRIY.
   969 | D:1      | 969 ||| READING scroll labelled JET MOTAWIKHUZ.
   970 | D:1      | 970 ||| DRINKING 2 fizzy dark potions.
   971 | D:1      | 971 ||| DROPPING scroll of poison.
  1145 | D:2      | Reached skill level 4 in Ranged Weapons
  1177 | D:2      | Found a faded altar of an unknown god.
  1264 | D:2      | Reached skill level 1 in Armour
  1495 | D:2      | 1495 ||| UPGRADING to scarf of repulsion.
  1500 | D:2      | 1500 ||| READING scroll labelled JOR SORRACZEKA.
  1501 | D:2      | 1501 ||| READING 2 scrolls labelled EHARGH ROUJEGA.
  1504 | D:2      | 1504 ||| READING scroll labelled VISA GINAF.
  1539 | D:3      | Noticed Sigmund
  1555 | D:3      | HP: 6/29 [something/magic dart (4)]
  1556 | D:3      | Slain by Sigmund

Levels and vault maps discovered:
D:1:      psy_arrival_wood_between_worlds, layout_rooms, serial_rivers,
          chequers_serial_rivers_micro_e, chequers_serial_rivers_micro_a,
          chequers_serial_rivers_large_a, chequers_serial_rivers_micro_c,
          chequers_serial_rivers_room_a, lemuel_flame_loot_1
D:2:      layout_basic, dreamdust_ecumenical_altar_grove
D:3:      layout_rooms, grunt_nemelex_the_gamble, serial_shops,
          nicolae_shop_window_shopping, minmay_stone_trees_small, uniq_sigmund,
          uniq_ijyb

Skill      XL: |  1  2  3 |
---------------+----------+-----
Ranged Weapons | 3 4 |  4.1
Fighting       | 2 |  2.0
Armour         | 1 |  1.1
Dodging        | |  2.1
Spellcasting   | |  1.0
Hexes          | |  2.0

Action                     || total
---------------------------++-------
   Fire: Sling             ||   132
    Use: Scroll            ||     6
         Potion            ||     1
 Armour: Robe              ||     2
         Ring mail         ||     9
  Dodge: Dodged            ||    24

Table legend:
 A = Non-vault XP
 B = Vault XP
 C = Vault XP percentage of total XP
 D = Non-vault monster count
 E = Vault monster count
 F = Vault count percentage of total count
                 A         B        C        D         E       F
            +---------+---------+-------+---------+---------+-------
      Total |      84 |       0 |   0.0 |      41 |       0 |   0.0
            +---------+---------+-------+---------+---------+-------
        D:1 |      42 |       0 |   0.0 |      22 |       0 |   0.0
        D:2 |      39 |       0 |   0.0 |      17 |       0 |   0.0
        D:3 |       3 |       0 |   0.0 |       2 |       0 |   0.0
            +---------+---------+-------+---------+---------+-------
